 Dungeon Crawl Stone Soup version 0.29.1-13-g9f3cf754e1 (webtiles) character file.

Game seed: 17871366557599757241

408 hawla the Chiller (level 7, 0/47 (51) HPs)
             Began as a Meteoran Ice Elementalist on Feb 9, 2023.
             Slain by a wight
             ... wielding a +5 scimitar
              (14 damage)
             ... on level 6 of the Dungeon.
             The game lasted 00:07:21 (1091 turns).

hawla the Chiller (Meteoran Ice Elementalist)       Turns: 1091, Time: 00:07:22

HP:   0/47 (51)     AC:  3    Str:  9    XL:     7   Next: 35%
MP:   14/14         EV: 13    Int: 19    God:
Gold: 147           SH:  0    Dex: 15    Spells: 6/14 levels left

rFire   . . .      SeeInvis .   (no weapon)
rCold   . . .      Faith    .   (no shield)
rNeg    . . .      Spirit   .   a - +0 robe
rPois   .          Reflect  .   c - +0 helmet
rElec   .          Harm     .   (no cloak)
rCorr   .          Rampage  .   (no gloves)
Will    .....                   (no boots)
Stlth   +.........              (no amulet)
HPRegen 0.15/turn               (no ring)
MPRegen 0.14/turn               (no ring)

@: glowing, drained
A: sense surroundings 1, otherworldly, glowing, explore regen
a: no special abilities


You were on level 6 of the Dungeon.
You visited 1 branch of the dungeon, and saw 6 of its levels.

You collected 147 gold pieces.

Inventory:

Armour
 a - a +0 robe (worn)
 c - a +0 helmet (worn)
Scrolls
 e - 3 scrolls of amnesia
Potions
 f - a potion of flight
 g - a potion of brilliance


   Skills:
 + Level 0.4 Fighting
 + Level 2.9 Dodging
 - Level 1.4 Stealth
 + Level 4.4 Spellcasting
 + Level 5.6 Conjurations
 + Level 5.8 Ice Magic


You had 6 spell levels left.
You knew the following spells:

 Your Spells              Type           Power      Damage    Failure   Level
a - Freeze                Ice            100%       1d11      1%          1
b - Frozen Ramparts       Ice            52%        1d8       3%          3
c - Hailstorm             Conj/Ice       25%        3d7       13%         4

Your spell library contained the following spells:

 Spells                   Type           Power      Damage    Failure   Level
 Ozocubu's Armour         Ice            26%        N/A       3%          3
 Slow                     Hex            16%        N/A       13%         1
 Confusing Touch          Hex            4%         N/A       36%         3
 Vampiric Draining        Necr           4%         2d6       36%         3


Dungeon Overview and Level Annotations

Branches:
Dungeon (6/15) Zot: 2495
 Temple: D:4-7

Altars:
Sif Muna
Uskayaw

Annotations:
D:5 Eustachio


Innate Abilities, Weirdness & Mutations

You passively map a small area around you.
You are easily found by Zot.
You glow in the dark.
You regain HP and MP as you explore.


Message History

Confirm with . or Enter, or press ? or * to list all spells.
Aiming: Freeze (safe; 1% risk of failure)
Press: ? - help, Shift-Dir - straight line, f - phantom
Aim: a phantom (lightly damaged)
You freeze the phantom.
The phantom resists.
The phantom is lightly damaged.
The shadow imp resists.
The wall freezes the shadow imp.
The shadow imp barely misses you.
The phantom completely resists.
The wall freezes the phantom but does no damage.
The phantom hits you.
The phantom blinks!
You blink.
The frozen ramparts melt away as you move.
A wight comes into view. It is wielding a +5 scimitar.
The wight moves out of view.
A wight comes into view. It is wielding a +2 spear of freezing.
The phantom hits you. The phantom attacks as you move away!
The phantom completely misses you.
A wight comes into view. It is wielding a +3 battleaxe.
Okay, then.
Okay, then.
The phantom attacks as you move away! The phantom hits you.
The wight barely misses you.
A wight comes into view. It is wielding a +0 battleaxe.
The wight hits you from afar with a +2 spear of freezing!
You feel drained. The wight freezes you. The phantom attacks as you move away!
The phantom misses you.
A gnoll comes into view. It is wielding a +0 spear.
Found a stone staircase leading down.
Found 7 stones.
A black bear comes into view.
The wight hits you from afar with a +2 spear of freezing!
You feel drained. The wight freezes you.
The black bear growls angrily.
The wight closely misses you. The wight attacks as you move away!
The wight completely misses you. The wight attacks as you move away!
The wight hits you with a +5 scimitar!
* * * LOW HITPOINT WARNING * * *
Found a whip.
The wight attacks as you move away! The wight completely misses you.
The wight attacks as you move away! The wight hits you with a +5 scimitar!
You die...

, , ,##.....##....(.#
* ,
,...#..............
.,.# ###..z.........
* , ,
#..###...z.........#
, ##
#.....#.#....####.# ,
..,####.S.......... .
.)##.#....W.....##...
, ,........z.h.....#
###* ###...@.###....#
, ##..### #.#### * *
#... #.# ** ,....# .#
####.* *.. , * .. * *
, .# , , *


You could see a water moccasin, a black bear, a phantom and 3 wights.

Vanquished Creatures
  A necrophage (D:4)
  2 scorpions (D:6)
  A howler monkey (D:6)
  An orc priest (D:5)
  2 orc wizards (D:5)
  2 gnolls (D:5)
  3 adders
  An ufetubus (D:4)
  A worm (D:2)
  A dart slug (D:3)
  13 orcs
  5 endoplasms
  4 goblins
  5 hobgoblins
  2 kobolds
  9 ball pythons
  2 frilled lizards
55 creatures vanquished.

Notes
Turn   | Place    | Note
-------+----------+-------------------------------------------
     0 | D:1      | hawla the Meteoran Ice Elementalist began the quest for the
                  | Orb.
     0 | D:1      | Reached XP level 1. HP: 14/14 MP: 5/5
    95 | D:1      | Reached XP level 2. HP: 19/20 MP: 3/6
   189 | D:3      | Reached skill level 5 in Ice Magic
   189 | D:3      | Reached XP level 3. HP: 4/26 MP: 3/8
   191 | D:3      | HP: 1/26 [poisoned by an adder]
   258 | D:3      | Found a shimmering blue altar of Sif Muna.
   298 | D:4      | Learned a level 3 spell: Frozen Ramparts
   349 | D:4      | Noticed a necrophage
   367 | D:4      | Killed a necrophage
   368 | D:4      | Reached XP level 4. HP: 6/34 MP: 4/11
   368 | D:4      | Reached XP level 5. HP: 6/39 MP: 4/12
   386 | D:4      | Learned a level 4 spell: Hailstorm
   413 | D:4      | Reached skill level 1 in Conjurations
   744 | D:4      | Found a hide-covered altar of Uskayaw.
   966 | D:5      | Entered Level 5 of the Dungeon
  1006 | D:5      | Reached XP level 6. HP: 44/46 MP: 10/13
  1017 | D:5      | Noticed Eustachio
  1027 | D:6      | Reached skill level 5 in Conjurations
  1027 | D:6      | Reached XP level 7. HP: 22/51 MP: 1/14
  1065 | D:6      | Noticed a water moccasin
  1091 | D:6      | Slain by a wight

Illustrated notes

Levels and vault maps discovered:
D:1:      lightli_arrival_chessboard, layout_loops_corners,
          shapermc_ecumenical_altar_totnotflames, chequers_arboretum,
          minmay_pentomino_x4
D:2:      layout_loops_cross, dreamdust_princess_bridge
D:3:      layout_basic, nicolae_wu_jian_immortal_techniques,
          mainiacjoe_overflow_small_starburst, nicolae_overflow_squiral
D:4:      layout_loops_cross, nicolae_uskayaw_murder_on_the_dancefloor,
          chequers_serial_rivers_small_b
D:5:      layout_loops_corners, minmay_temple_entry_ruins, serial_shops,
          nicolae_shop_bloodbath_and_beyond, uniq_eustachio, uniq_edmund
D:6:      layout_rooms

Skill      XL: |  1  2  3  4  5  6 |
---------------+-------------------+-----
Spellcasting   | 3 4 |  4.4
Ice Magic      | 5 |  5.8
Conjurations   | 3 5 |  5.6
Fighting       | |  0.4
Dodging        | |  2.9
Stealth        | |  1.4

Action                   |  1- 3 |  4- 6 |  7- 9 || total
-------------------------+-------+-------+-------++-------
Melee: Unarmed           |     5 |    24 |     1 ||    30
 Cast: Freeze            |    38 |    15 |     4 ||    57
       Frozen Ramparts   |     2 |    12 |     2 ||    16
       Hailstorm         |       |     1 |       ||     1
  Use: Scroll            |     3 |     3 |       ||     6
       Potion            |     1 |     3 |       ||     4
Armor: Robe              |     5 |    10 |     2 ||    17
       Skin              |       |     3 |       ||     3
Dodge: Dodged            |    18 |    25 |    15 ||    58
